 Dungeon Crawl Stone Soup version 0.30.0-19-gbf45117a57 (webtiles) character file.

Game seed: 18079986092538578656

652 qw the Chopper (level 7, -1/43 HPs)
             Began as a Gargoyle Fighter on May 25, 2023.
             Slain by a gnoll
             ... wielding a +0 spear
             ... led by a gnoll bouda
              (4 damage)
             ... on level 5 of the Dungeon.
             The game lasted 00:01:40 (3705 turns).

qw the Chopper (Gargoyle Fighter)                   Turns: 3705, Time: 00:01:41

Health: -1/43      AC: 11    Str: 21    XL:     7   Next: 54%
Magic:  7/7        EV:  9    Int:  9    God:
Gold:   166        SH:  4    Dex:  9    Spells: 6/6 levels left

rFire   . . .        i - +0 war axe (vamp)
rCold   . . .        c - +0 buckler
rNeg    + . .        b - +0 scale mail
rPois   inf          (no helmet)
rElec   +            (no cloak)
rCorr   .            (no gloves)
SInv    .            (no boots)
Will    .....        (no amulet) Stlth
                     (no ring)
HPRegen 0.27/turn    (no ring)
MPRegen 0.10/turn

%: no passive effects
@: weakened
A: sickness immunity, AC +4, negative energy resistance 1, electricity
resistance, torment resistance 1, petrification resistance
a: no special abilities


You were on level 5 of the Dungeon.
You visited 1 branch of the dungeon, and saw 5 of its levels.

You collected 166 gold pieces.


Innate Abilities, Weirdness & Mutations

You are immune to sickness and miasma.
Your stone body is resilient. (AC +4)
You are immune to poison.
You resist negative energy. (rN+)
You are resistant to electric shocks. (rElec)
You are resistant to unholy torment.
You are immune to petrification.


   Skills:
 - Level 4.0 Fighting
 + Level 6.9 Axes
 - Level 1.0 Throwing
 - Level 3.2 Armour
 - Level 1.0 Dodging
 - Level 3.2 Shields


You had 6 spell levels left.
You didn't know any spells.
Your spell library was empty.

Inventory:

Hand Weapons
 i - a +0 vampiric war axe (weapon)
 m - a +0 mace of draining
Missiles
 n - 3 javelins (quivered)
Armour
 b - a +0 scale mail (worn)
 c - a +0 buckler (worn)
Scrolls
 j - a scroll of identify
Potions
 a - a potion of resistance
 d - 4 potions of might
 f - a potion of flight {unknown}
 g - a potion of lignification {unknown}
 h - 2 potions of curing
 k - a potion of magic {unknown}
 l - a potion of ambrosia {unknown}
 o - a potion of haste {unknown}
 p - a potion of cancellation

Dungeon Overview and Level Annotations

Branches:
Dungeon (5/15)
 Temple: D:4-7

Altars:
Ru

Shops:
D:4 (

Annotations:
D:1 1 transporter


Message History

The gnoll bouda is almost dead.
The gnoll hits you but does no damage. The gnoll barely misses you.
The gnoll hits you from afar with a +0 spear.
You block the gnoll bouda's attack.
You closely miss the gnoll bouda.
The gnoll bouda is almost dead.
The gnoll hits you from afar with a +0 spear.
The gnoll hits you but does no damage.
The gnoll hits you from afar with a +0 spear.
The gnoll hits you but does no damage.
You barely miss the gnoll bouda.
The gnoll bouda is almost dead.
You hit the jelly.
Your hands burn!
The gnoll closely misses you. You block the gnoll's attack.
The jelly closely misses you. The gnoll closely misses you.
The gnoll hits you from afar with a +0 spear!
The jelly barely misses you.
The gnoll bouda gazes fiercely through you!
You feel your attacks grow feeble. The gnoll bouda closely misses you.
The gnoll hits you from afar with a +0 halberd.
You hit the gnoll bouda.
You kill the gnoll bouda!
You slash the jelly!
You feel better.
Your hands burn!
The gnoll hits you from afar with a +0 spear. x2
The gnoll misses you. The jelly barely misses you.
You slash the jelly!
Your hands burn!
The jelly is almost dead.
You closely miss the quokka.
The gnoll hits you from afar with a +0 spear!
The gnoll hits you from afar with a +0 spear.
The quokka barely misses you. The gnoll barely misses you.
The jelly hits you but does no damage.
You hit the jelly.
You feel better.
You kill the jelly!
You miss the quokka.
The gnoll hits you from afar with a +0 spear.
The quokka bites you but does no damage.
The gnoll hits you from afar with a +0 spear.
You die...

#..............
#..............
#............).
.................
.................
.........ggg.....
.........r...#
......##.@).###.
.......(........
####............
#..<.........
#.........}..
#............
#............
#..........#.
####....####


You could see 3 gnolls and a quokka.

Vanquished Creatures
  2 phantoms (D:4)
  2 centaur zombies (D:4)
  A jelly (D:5)
  2 bullfrog zombies (D:4)
  A gnoll bouda (D:5)
  An iguana (D:5)
  Natasha (thrice) (D:4)
  2 hound zombies (D:4)
  4 hound skeletons (D:4)
  A gnoll (D:5)
  A howler monkey skeleton (D:4)
  3 adders
  An adder skeleton (D:4)
  4 adder zombies (D:4)
  6 worms
  A dart slug (D:3)
  An orc (D:4)
  11 ball pythons
  5 endoplasms
  7 giant cockroaches
  6 goblins
  8 hobgoblins
  6 jackals
  6 quokkas
  7 bats
  4 frilled lizards
  A jackal skeleton (D:4)
  2 kobolds
  5 rats
104 creatures vanquished.

Notes
Turn   | Place    | Note
-------+----------+-------------------------------------------
     0 | D:1      | qw the Gargoyle Fighter began the quest for the Orb.
     0 | D:1      | Reached XP level 1. HP: 14/14 MP: 1/1
     0 | D:1      | 0 ||| qw: Version: 0.2-a-98-g5d7165a
     0 | D:1      | 0 ||| qw: Game counter: 78
     0 | D:1      | 0 ||| qw: Always use a shield: true
     0 | D:1      | 0 ||| qw: God list: Okawaru
     0 | D:1      | 0 ||| qw: Allow faded altars: false
     0 | D:1      | 0 ||| qw: Do Orc after D:15 true
     0 | D:1      | 0 ||| qw: Do second Lair branch before Depths: true
     0 | D:1      | 0 ||| qw: Lair rune preference: random
     0 | D:1      | 0 ||| qw: Plans: Normal, Zot:1-4, God:TSO, Crypt, Tomb,
                  | Pan, Slime:5, Hells, Abyss, Win
     0 | D:1      | 0 ||| PLANNING D:1-11
    42 | D:1      | 42 ||| Stepping ~*~*~tactically~*~*~ (water).
    44 | D:1      | Reached skill level 2 in Axes
    53 | D:1      | Reached XP level 2. HP: 15/19 MP: 2/2
    77 | D:1      | 77 ||| Stepping ~*~*~tactically~*~*~ (water).
   225 | D:1      | 225 ||| DROPPING +0 club.
   240 | D:1      | Reached skill level 3 in Axes
   282 | D:1      | Reached XP level 3. HP: 23/23 MP: 3/3
   345 | D:1      | 345 ||| Stepping ~*~*~tactically~*~*~ (stealth).
   569 | D:1      | 569 ||| Stepping ~*~*~tactically~*~*~ (stealth).
   904 | D:1      | 904 ||| READING scroll labelled QINUOC HIMETZ.
   905 | D:1      | 905 ||| READING scroll labelled PEETINT GAPN.
   906 | D:1      | 906 ||| READING scroll labelled WOEFRA QE MYOX.
   907 | D:1      | 907 ||| READING scroll labelled REUSIJ NYSTEGO.
  1107 | D:2      | Reached skill level 1 in Throwing
  1153 | D:2      | Reached XP level 4. HP: 28/28 MP: 4/4
  1469 | D:2      | Found a sacrificial altar of Ru.
  1473 | D:2      | 1473 ||| Stepping ~*~*~tactically~*~*~ (stealth).
  1683 | D:2      | 1683 ||| READING 2 scrolls labelled DEHUZA EKHLIH.
  1684 | D:2      | 1684 ||| READING scroll of brand weapon.
  1684 | D:2      | 1684 ||| BRANDING +0 war axe of electrocution.
  1685 | D:2      | 1685 ||| READING scroll labelled ORAKLO SEIKK.
  1722 | D:3      | 1722 ||| STAIRDANCE
  1799 | D:3      | 1799 ||| DROPPING +0 mace.
  1943 | D:3      | Reached skill level 4 in Axes
  2149 | D:3      | 2149 ||| Stepping ~*~*~tactically~*~*~ (stealth).
  2177 | D:3      | 2177 ||| Stepping ~*~*~tactically~*~*~ (hiding).
  2272 | D:3      | Found a faded altar of an unknown god.
  2348 | D:3      | 2348 ||| DROPPING ring of flight.
  2349 | D:3      | 2349 ||| DRINKING 3 clear potions.
  2453 | D:3      | 2453 ||| READING 2 scrolls of identify.
  2453 | D:3      | 2453 ||| IDENTIFYING glowing clear potion
  2454 | D:3      | 2454 ||| DROPPING 2 potions of berserk rage.
  2507 | D:4      | Reached XP level 5. HP: 20/32 MP: 5/5
  2520 | D:4      | Reached skill level 5 in Axes
  2613 | D:4      | 2613 ||| Stepping ~*~*~tactically~*~*~ (stealth).
  2614 | D:4      | 2614 ||| Stepping ~*~*~tactically~*~*~ (stealth).
  2725 | D:4      | 2725 ||| Stepping ~*~*~tactically~*~*~ (stealth).
  2730 | D:4      | 2730 ||| Stepping ~*~*~tactically~*~*~ (stealth).
  2733 | D:4      | 2733 ||| Stepping ~*~*~tactically~*~*~ (stealth).
  2744 | D:4      | Reached XP level 6. HP: 33/38 MP: 6/6
  2778 | D:4      | Reached skill level 1 in Dodging
  2780 | D:4      | Noticed Natasha
  2784 | D:4      | Killed Natasha
  2835 | D:4      | Reached skill level 6 in Axes
  2835 | D:4      | Reached XP level 7. HP: 40/43 MP: 7/7
  3003 | D:4      | Found Fosuxkul's Weapon Shop.
  3007 | D:4      | 3007 ||| SHOPLISTING +4 mace (350 gold, have 135).
  3149 | D:4      | Noticed Natasha
  3155 | D:4      | Killed Natasha
  3559 | D:4      | Noticed Natasha
  3560 | D:4      | 3560 ||| Stepping ~*~*~tactically~*~*~ (stealth).
  3561 | D:4      | 3561 ||| Stepping ~*~*~tactically~*~*~ (stealth).
  3568 | D:4      | Killed Natasha
  3671 | D:4      | 3671 ||| DRINKING 3 black potions.
  3672 | D:4      | 3672 ||| DRINKING 2 lumpy dark potions.
  3673 | D:4      | 3673 ||| READING 2 scrolls of identify.
  3673 | D:4      | 3673 ||| IDENTIFYING viscous emerald potion
  3674 | D:4      | 3674 ||| DROPPING potion of brilliance.
  3691 | D:5      | Entered Level 5 of the Dungeon
  3692 | D:5      | 3692 ||| PLANNING SEWER
  3704 | D:5      | HP: 5/43 [gnoll/+0 spear[a gnoll bouda] (8)]
  3705 | D:5      | Slain by a gnoll

Levels and vault maps discovered:
D:1:      spicycebolla_arrival_risky_transporter, layout_loops_ring,
          serial_bayou_lagoon_a, minmay_fountain_box
D:2:      layout_basic, basic_altar, minmay_hedge_maze
D:3:      layout_rooms, dilly_ecumenical_altar_fadedgnrine
D:4:      layout_basic, serial_undead, serial_undead_f, serial_undead_b,
          serial_undead_a, serial_undead_a, serial_undead_d, serial_shops, shop,
          uniq_natasha
D:5:      layout_basic, tgw_sif, cheibrodos_sewer_entry_bend, solitary_fountain

Skill      XL: |  1  2  3  4  5  6 |
---------------+-------------------+-----
Axes           | 2 3 4 5 6 |  6.9
Throwing       | 1 |  1.0
Fighting       | 4 |  4.0
Dodging        | 1 |  1.0
Armour         | |  3.2
Shields        | |  3.2

Action                     |  1- 3 |  4- 6 |  7- 9 || total
---------------------------+-------+-------+-------++-------
  Melee: War axe           |   111 |   108 |    72 ||   291
  Throw: Javelin           |    14 |    27 |    12 ||    53
         Boomerang         |       |       |     4 ||     4
    Use: Scroll            |     4 |     4 |     1 ||     9
         Potion            |       |     1 |     2 ||     3
   Stab: Sleeping          |       |     1 |       ||     1
 Armour: Scale mail        |    47 |    63 |    43 ||   153
  Dodge: Dodged            |    43 |    52 |    36 ||   131
  Block: Buckler           |    16 |    28 |    16 ||    60

Table legend:
 A = Non-vault XP
 B = Vault XP
 C = Vault XP percentage of total XP
 D = Non-vault monster count
 E = Vault monster count
 F = Vault count percentage of total count
                 A         B        C        D         E       F
            +---------+---------+-------+---------+---------+-------
      Total |     393 |     584 |  59.8 |      84 |      20 |  19.2
            +---------+---------+-------+---------+---------+-------
        D:1 |      53 |       0 |   0.0 |      32 |       0 |   0.0
        D:2 |      49 |       0 |   0.0 |      14 |       0 |   0.0
        D:3 |      47 |       0 |   0.0 |      18 |       0 |   0.0
        D:4 |     112 |     584 |  83.9 |      16 |      20 |  55.6
        D:5 |     132 |       0 |   0.0 |       4 |       0 |   0.0
            +---------+---------+-------+---------+---------+-------
